NWL (28 & UNDER)
LA CROSSE LOGGERS @ MOOSE JAW GHOSTBUSTERS
07/29/2023
 
TOP OF THE 1ST
La Crosse Loggers batting - Pitching for Moose Jaw Ghostbusters : LHP Martin White
Pitching: LHP Martin White
Batting: LHB Ricardo Ruíz 0-0: Ball
1-0: Ball
2-0: Foul Ball, location: 2F
2-1: Ground out 1-3 (Groundball, 23)
Batting: RHB Fraser Stanton 0-0: Foul Ball, location: 2F
0-1: Ball
1-1: Foul Ball, location: 2F
1-2: Foul Ball, location: 2F
1-2: DOUBLE (Line Drive, 7LS)
Batting: LHB José Santos 0-0: Ball
1-0: Ball
2-0: Ball
3-0: Called Strike
3-1: Ground out 1-3 (Groundball, 13S)
Fraser Stanton to third
Batting: RHB Paul Bailey 0-0: Ball
1-0: Swinging Strike
1-1: Fly out, F9 (Flyball, 9D)
Top of the 1st over - 0 run(s), 1 hit(s), 0 error(s), 1 left on base; La Crosse 0 - Moose Jaw 0
BOTTOM OF THE 1ST
Moose Jaw Ghostbusters batting - Pitching for La Crosse Loggers : RHP Michael Wright
Pitching: RHP Michael Wright
Batting: LHB Dave Stewart 0-0: Foul Ball, location: 2F
0-1: Ball
1-1: Called Strike
1-2: Ball
2-2: Strikes out swinging
Batting: LHB Will Vale 0-0: Foul Ball, location: 2F
0-1: Ball
1-1: Ball
2-1: Ball
3-1: SINGLE (Line Drive, 5L)
Batting: RHB Earl Wiggins 0-0: Called Strike
0-1: Ball
1-1: Ball
2-1: Swinging Strike
2-2: Ball
3-2: Base on Balls
Will Vale to second
Batting: RHB Paco Hernández 0-0: Called Strike
0-1: Ball
1-1: Foul Ball, location: 2F
1-2: Hit by Pitch
Will Vale to third
Earl Wiggins to second
Batting: LHB Bartolo Villanueva 0-0: DOUBLE (Line Drive, 78M)
Will Vale scores
Earl Wiggins scores
Paco Hernández to third
Batting: RHB Luis Miguel Sánchez 0-0: Called Strike
0-1: Ball
1-1: Called Strike
1-2: Ball
2-2: Strikes out swinging
Batting: RHB John Major 0-0: Ball
1-0: Called Strike
1-1: Called Strike
1-2: Ball
2-2: Strikes out looking
Bottom of the 1st over - 2 run(s), 2 hit(s), 0 error(s), 2 left on base; La Crosse 0 - Moose Jaw 2
TOP OF THE 2ND
La Crosse Loggers batting - Pitching for Moose Jaw Ghostbusters : LHP Martin White
Batting: RHB Luis Ríos 0-0: Called Strike
0-1: Swinging Strike
0-2: Ball
1-2: Ground out 4-3 (Groundball, 4M)
Batting: LHB Enrique Tirado 0-0: Ball
1-0: Swinging Strike
1-1: Foul Ball, location: 2F
1-2: Strikes out swinging
Batting: RHB Jimmy Smith 0-0: Called Strike
0-1: Ball
1-1: Foul Ball, location: 2F
1-2: Ground out 4-3 (Groundball, 4)
Top of the 2nd over - 0 run(s), 0 hit(s), 0 error(s), 0 left on base; La Crosse 0 - Moose Jaw 2
BOTTOM OF THE 2ND
Moose Jaw Ghostbusters batting - Pitching for La Crosse Loggers : RHP Michael Wright
Batting: RHB Domingo Matos 0-0: Ball
1-0: Foul Ball, location: 2F
1-1: Foul Ball, location: 2F
1-2: Fly out, F7 (Flyball, 78M)
Batting: LHB Carlos López 0-0: Ball
1-0: Ball
2-0: Ball
3-0: Called Strike
3-1: Base on Balls
Batting: LHB Dave Stewart 0-0: Called Strike
0-1: TRIPLE (Line Drive, 9LS)
Carlos López scores
Batting: LHB Will Vale 0-0: Ball
1-0: Fly out, F8 (Line Drive, 8LS)
Batting: RHB Earl Wiggins 0-0: Ball
1-0: Ball
2-0: Called Strike
2-1: Fly out, F4 (Popup, 4MS)
Bottom of the 2nd over - 1 run(s), 1 hit(s), 0 error(s), 1 left on base; La Crosse 0 - Moose Jaw 3
TOP OF THE 3RD
La Crosse Loggers batting - Pitching for Moose Jaw Ghostbusters : LHP Martin White
Batting: LHB Oliver Beltrán 0-0: DOUBLE (Flyball, 78XD)
Batting: RHB Vicente Vélez 0-0: Called Strike
0-1: Foul Ball, location: 2F
0-2: Ball
1-2: Strikes out looking
Batting: LHB Ricardo Ruíz 0-0: Ball
1-0: Fly out, F8 (Flyball, 8LM)
Batting: RHB Fraser Stanton 0-0: Foul Ball, location: 2F
0-1: Ground out U3 (Groundball, 3L)
Top of the 3rd over - 0 run(s), 1 hit(s), 0 error(s), 1 left on base; La Crosse 0 - Moose Jaw 3
BOTTOM OF THE 3RD
Moose Jaw Ghostbusters batting - Pitching for La Crosse Loggers : RHP Michael Wright
Batting: RHB Paco Hernández 0-0: Foul Ball, location: 2F
0-1: Swinging Strike
0-2: Ball
1-2: Strikes out looking
Batting: LHB Bartolo Villanueva 0-0: Foul Ball, location: 2F
0-1: Ball
1-1: Swinging Strike
1-2: Foul Ball, location: 2F
1-2: SINGLE (Line Drive, 6MD)
Batting: RHB Luis Miguel Sánchez 0-0: Ball
1-0: Fly out, F8 (Flyball, 8RXD)
Batting: RHB John Major 0-0: Called Strike
Bartolo Villanueva is caught stealing 2nd base
Bottom of the 3rd over - 0 run(s), 1 hit(s), 0 error(s), 0 left on base; La Crosse 0 - Moose Jaw 3
TOP OF THE 4TH
La Crosse Loggers batting - Pitching for Moose Jaw Ghostbusters : LHP Martin White
Batting: LHB José Santos 0-0: Ball
1-0: Foul Ball, location: 2F
1-1: Ball
2-1: TRIPLE (Line Drive, 9LM)
Batting: RHB Paul Bailey 0-0: Fly out, F8 (Flyball, 8RM)
Runner from 3rd tags up, SCORES, no throw
Batting: RHB Luis Ríos 0-0: Ground out 4-3 (Groundball, 4M)
Batting: LHB Enrique Tirado 0-0: Ball
1-0: Ground out 4-3 (Groundball, 4)
Top of the 4th over - 1 run(s), 1 hit(s), 0 error(s), 0 left on base; La Crosse 1 - Moose Jaw 3
BOTTOM OF THE 4TH
Moose Jaw Ghostbusters batting - Pitching for La Crosse Loggers : RHP Michael Wright
Batting: RHB John Major 0-0: Ball
1-0: Called Strike
1-1: Foul Ball, location: 2F
1-2: Foul Ball, location: 2F
1-2: Strikes out swinging
Batting: RHB Domingo Matos 0-0: Ball
1-0: SINGLE (Line Drive, 7LS)
Batting: LHB Carlos López 0-0: Ball
1-0: Ball
2-0: Fielders Choice at 2nd, 4-6 (Groundball, 34)
Batting: LHB Dave Stewart 0-0: Ball
1-0: Swinging Strike
1-1: Ball
2-1: Ground out 4-3 (Groundball, 4)
Bottom of the 4th over - 0 run(s), 1 hit(s), 0 error(s), 1 left on base; La Crosse 1 - Moose Jaw 3
TOP OF THE 5TH
La Crosse Loggers batting - Pitching for Moose Jaw Ghostbusters : LHP Martin White
Batting: RHB Jimmy Smith 0-0: Ball
1-0: Reached on error, E4 (Groundball, 4)
Batting: LHB Oliver Beltrán 0-0: Ball
1-0: Called Strike
1-1: Swinging Strike
1-2: Ball
2-2: Strikes out swinging
Batting: RHB Vicente Vélez 0-0: Called Strike
0-1: Foul Ball, location: 2F
0-2: Strikes out looking
Batting: LHB Ricardo Ruíz 0-0: Called Strike
0-1: Ball
1-1: Ball
2-1: Foul Ball, location: 2F
2-2: Ball
3-2: Base on Balls
Batting: RHB Fraser Stanton 0-0: Fly out, F9 (Flyball, 89M)
Top of the 5th over - 0 run(s), 0 hit(s), 1 error(s), 2 left on base; La Crosse 1 - Moose Jaw 3
BOTTOM OF THE 5TH
Moose Jaw Ghostbusters batting - Pitching for La Crosse Loggers : RHP Michael Wright
Batting: LHB Will Vale 0-0: Ball
1-0: Ball
2-0: Ball
3-0: Called Strike
3-1: Called Strike
3-2: Base on Balls
Batting: RHB Earl Wiggins 0-0: Ball
1-0: DOUBLE (Flyball, 7LD)
Will Vale to third
Batting: RHB Paco Hernández 0-0: Called Strike
0-1: Ball
1-1: Ball
2-1: Ball
3-1: Hit by Pitch
Batting: LHB Bartolo Villanueva 0-0: Ball
1-0: SINGLE (Groundball, 56)
Will Vale scores
Earl Wiggins to third
Paco Hernández to second
Batting: RHB Luis Miguel Sánchez 0-0: Grounds into fielders choice 5-2 (Groundball, 5)
Paco Hernández to third
Bartolo Villanueva to second
Batting: RHB John Major 0-0: Ball
1-0: SINGLE (Groundball, 4MD)
Paco Hernández scores
Bartolo Villanueva to third
Luis Miguel Sánchez to second
Batting: RHB Domingo Matos 0-0: Ball
1-0: Foul Ball, location: 2F
1-1: Foul Ball, location: 2F
1-2: Ball
2-2: Ball
3-2: Base on Balls
Bartolo Villanueva scores
Luis Miguel Sánchez to third
John Major to second
Pitching: RHP Mike Brown
Batting: LHB Carlos López 0-0: Grounds into double play, 4-6-3 (Groundball, 4)
Bottom of the 5th over - 3 run(s), 3 hit(s), 0 error(s), 2 left on base; La Crosse 1 - Moose Jaw 6
TOP OF THE 6TH
La Crosse Loggers batting - Pitching for Moose Jaw Ghostbusters : LHP Martin White
Batting: LHB José Santos 0-0: Ball
1-0: Called Strike
1-1: Ball
2-1: Swinging Strike
2-2: Foul Ball, location: 2F
2-2: Strikes out looking
Batting: RHB Paul Bailey 0-0: Ball
1-0: SINGLE (Flyball, 78S)
Batting: RHB Luis Ríos 0-0: Called Strike
0-1: Called Strike
0-2: Strikes out swinging
Batting: LHB Enrique Tirado Pickoff Throw to First - Out!
Top of the 6th over - 0 run(s), 1 hit(s), 0 error(s), 0 left on base; La Crosse 1 - Moose Jaw 6
BOTTOM OF THE 6TH
Moose Jaw Ghostbusters batting - Pitching for La Crosse Loggers : RHP Mike Brown
Batting: LHB Dave Stewart 0-0: Called Strike
0-1: Ball
1-1: Swinging Strike
1-2: Ground out 4-3 (Groundball, 34)
Batting: LHB Will Vale 0-0: Ball
1-0: Ball
2-0: Ball
3-0: Called Strike
3-1: Called Strike
3-2: Base on Balls
Batting: RHB Earl Wiggins 0-0: Called Strike
0-1: Swinging Strike
0-2: Ball
1-2: Foul Ball, location: 2F
1-2: Ball
2-2: Foul Ball, location: 2F
2-2: Ball
3-2: Fly out, F6 (Popup, 6M)
Batting: RHB Paco Hernández 0-0: Ball
1-0: Foul Ball, location: 2F
1-1: Called Strike
1-2: Ball
2-2: Foul Ball, location: 2F
2-2: Foul Ball, location: 2F
2-2: Fly out, F8 (Flyball, 8RD)
Bottom of the 6th over - 0 run(s), 0 hit(s), 0 error(s), 1 left on base; La Crosse 1 - Moose Jaw 6
TOP OF THE 7TH
La Crosse Loggers batting - Pitching for Moose Jaw Ghostbusters : LHP Martin White
Batting: LHB Enrique Tirado 0-0: Ball
1-0: Ground out 6-3 (Groundball, 6M)
Batting: RHB Jimmy Smith 0-0: Ball
1-0: Foul Ball, location: 2F
1-1: Foul Ball, location: 2F
1-2: Strikes out swinging
Batting: LHB Oliver Beltrán 0-0: Ground out 2-3 (Groundball, 2L)
Top of the 7th over - 0 run(s), 0 hit(s), 0 error(s), 0 left on base; La Crosse 1 - Moose Jaw 6
BOTTOM OF THE 7TH
Moose Jaw Ghostbusters batting - Pitching for La Crosse Loggers : RHP Mike Brown
Batting: LHB Bartolo Villanueva 0-0: Ball
1-0: Ball
2-0: Foul Ball, location: 2F
2-1: Ball
3-1: Base on Balls
Batting: RHB Luis Miguel Sánchez 0-0: Sac Bunt - play at first, batter OUT! 5-3
Bartolo Villanueva to second
Pitching: RHP David Washington
Batting: RHB John Major 0-0: Ball
1-0: Called Strike
1-1: Foul Ball, location: 2F
1-2: Ground out 4-3 (Groundball, 4)
Bartolo Villanueva to third
Batting: RHB Domingo Matos 0-0: Fly out, F9 (Flyball, 9M)
Bottom of the 7th over - 0 run(s), 0 hit(s), 0 error(s), 1 left on base; La Crosse 1 - Moose Jaw 6
TOP OF THE 8TH
La Crosse Loggers batting - Pitching for Moose Jaw Ghostbusters : LHP Martin White
Batting: RHB Vicente Vélez 0-0: Called Strike
0-1: Called Strike
0-2: Foul Ball, location: 2F
0-2: Strikes out swinging
Batting: LHB Ricardo Ruíz 0-0: Foul Ball, location: 2F
0-1: Ground out 4-3 (Groundball, 4)
Batting: RHB Fraser Stanton 0-0: Ball
1-0: Swinging Strike
1-1: Ball
2-1: Swinging Strike
2-2: Strikes out looking
Top of the 8th over - 0 run(s), 0 hit(s), 0 error(s), 0 left on base; La Crosse 1 - Moose Jaw 6
BOTTOM OF THE 8TH
Moose Jaw Ghostbusters batting - Pitching for La Crosse Loggers : RHP David Washington
Batting: LHB Carlos López 0-0: Ball
1-0: Ball
2-0: Ball
3-0: Called Strike
3-1: Swinging Strike
3-2: Foul Ball, location: 2F
3-2: Ground out 5-3 (Groundball, 56)
Batting: LHB Dave Stewart 0-0: Swinging Strike
0-1: Foul Ball, location: 2F
0-2: Ball
1-2: Foul Ball, location: 2F
1-2: Ball
2-2: Foul Ball, location: 2F
2-2: Strikes out swinging
Batting: LHB Will Vale 0-0: SINGLE (Line Drive, 56D)
Batting: RHB Earl Wiggins 0-0: Foul Ball, location: 2F
0-1: Foul Ball, location: 2F
0-2: Foul Ball, location: 2F
0-2: Ball
1-2: Hit by Pitch
Will Vale to second
Batting: RHB Paco Hernández 0-0: Ball
1-0: Ball
2-0: Ball
3-0: Base on Balls
Will Vale to third
Earl Wiggins to second
Batting: LHB Bartolo Villanueva 0-0: Ball
1-0: Ball
2-0: Called Strike
2-1: Ball
3-1: Foul Ball, location: 2F
3-2: Base on Balls
Will Vale scores
Earl Wiggins to third
Paco Hernández to second
Batting: RHB Luis Miguel Sánchez 0-0: Ball
1-0: Called Strike
1-1: Foul Ball, location: 2F
1-2: Strikes out swinging
Bottom of the 8th over - 1 run(s), 1 hit(s), 0 error(s), 3 left on base; La Crosse 1 - Moose Jaw 7
TOP OF THE 9TH
La Crosse Loggers batting - Pitching for Moose Jaw Ghostbusters : LHP Martin White
Batting: LHB José Santos 0-0: SOLO HOME RUN (Line Drive, 78XD), Distance : 430 ft
Batting: RHB Paul Bailey 0-0: Ball
1-0: Ball
2-0: Called Strike
2-1: Foul Ball, location: 2F
2-2: Ball
3-2: Foul Ball, location: 2F
3-2: Base on Balls
Pitching: RHP Daniel Félix
Batting: RHB Luis Ríos 0-0: Ball
1-0: Foul Ball, location: 2F
1-1: Foul Ball, location: 2F
1-2: Ball
2-2: Foul Ball, location: 2F
2-2: SINGLE (Groundball, 56D)
Paul Bailey to second
Batting: LHB Enrique Tirado 0-0: Foul Ball, location: 2F
0-1: Ball
1-1: Ball
2-1: Foul Ball, location: 2F
2-2: Foul Ball, location: 2F
2-2: Ball
3-2: Strikes out looking
Batting: RHB Jimmy Smith 0-0: Ground out 5-3 (Groundball, 6)
Paul Bailey to third
Luis Ríos to second
Batting: LHB Oliver Beltrán 0-0: Ball
1-0: Swinging Strike
1-1: Ball
2-1: Ground out 4-3 (Groundball, 4MS)
Top of the 9th over - 1 run(s), 2 hit(s), 0 error(s), 2 left on base; La Crosse 2 - Moose Jaw 7
This league is powered by Out of the Park Baseball, the baseball management simulation game for PC, Mac and Linux
Wednesday, December 2nd, 2015 - OOTP Baseball 16.8 Build 38